 Dungeon Sprint DCSS version 0.20-a0-555-gf6ae02d (console) character file.

205 sorlin the Destroyer (level 5, -8/28 HPs)
             Began as a Deep Elf Fire Elementalist on Feb 3, 2017.
             Was a Follower of Vehumet.
             Mangled by a yaktaur
             ... wielding the cursed +1 scimitar of Doom {pain, rN+ MR+ Int-2}
              (18 damage)
             ... in the Dungeon (Sprint V: "Ziggurat Sprint").
             The game lasted 00:02:20 (80 turns).

sorlin the Destroyer (Deep Elf Fire Elementalist)     Turns: 80, Time: 00:02:21

Health: -8/28      AC:  2    Str: 10    XL:     5   Next: 52%
Magic:  11/11      EV: 21    Int: 33    God:    Vehumet [*.....]
Gold:   0          SH:  0    Dex: 20    Spells: 9/10 levels left

rFire    . . .     SeeInvis .   t - +5 dagger
rCold    . . .     Gourm    .   a - +0 robe
rNeg     . . .     Faith    .   (no shield)
rPois    .         Spirit   .   (no helmet)
rElec    .         Reflect  .   (no cloak)
rCorr    .         Harm     .   (no gloves)
MR       .....     NoTele   +   (no boots)
Stlth    ++++......             (no amulet)
Regen    0.1/turn               I - +6 ring of intelligence
                                H - +6 ring of intelligence

@: mighty, agile, very slightly contaminated, invisible
A: no striking features
a: Renounce Religion


You were in the Dungeon.
You worshipped Vehumet.
Vehumet was aware of your devotion.
You were not hungry.

You visited 1 branch


   Skills:
 + Level 0.0 Fighting
 - Level 3.4 Short Blades
 + Level 5.0 Dodging
 - Level 5.2 Stealth
 - Level 3.0 Spellcasting
 * Level 9.6 Conjurations
 + Level 6.9 Fire Magic


You had 9 spell levels left.
You knew the following spells:

 Your Spells              Type           Power        Failure   Level  Hunger
a - Flame Tongue          Conj/Fire      #####        1%          1    None

Inventory:

Hand Weapons
 s - a +5 quick blade
 t - a +5 dagger (weapon)
 K - the +6 Majin-Bo {vamp, Archmagi MP+6 Int+6}
   (You found it in the Dungeon)

   It inflicts no extra harm, but heals its wielder when it wounds a living foe.
   It affects your intelligence (+6).
   It affects your magic capacity (+6).
Armour
 a - a +0 robe (worn)
 m - a +5 crystal plate armour
 p - +5 fire dragon scales
 q - a +3 buckler
 r - a +3 shield
 O - the +18 shield of the Gong {rElec rN+ MR+ EV-5}
   (You found it in the Dungeon)

   It affects your evasion (-5).
   It insulates you from electricity.
   It protects you from negative energy.
   It affects your resistance to hostile enchantments.
Magical Staves
 G - an uncursed staff of energy
Jewellery
 H - a +6 ring of intelligence (left hand)
 I - a +6 ring of intelligence (right hand)
Wands
 D - a wand of disintegration (7/24)
 E - a wand of iceblast (5/15)
 F - a wand of acid (5/15)
Scrolls
 i - 4 scrolls of blinking
 w - 3 scrolls of recharging
 x - 7 scrolls of fog
 y - a scroll of holy word {!r}
 z - 5 scrolls of identify
 A - 5 scrolls of remove curse
 B - 2 scrolls of fear {!r}
 C - 4 scrolls of amnesia
Potions
 d - 10 potions of curing
 e - 10 potions of heal wounds {!q}
 f - 6 potions of haste {!q}
 g - 7 potions of magic {!q}
 h - 3 potions of berserk rage {!q}
 j - 2 potions of brilliance {!q}
 k - a potion of invisibility {!q}
 l - 4 potions of resistance {!q}
 n - 4 potions of agility {!q}
 o - 4 potions of might {!q}
Books
 b - a book of Flames

   Spells                             Type                      Level
   a - Flame Tongue                   Conjuration/Fire             1
   b - Throw Flame                    Conjuration/Fire             2
   c - Conjure Flame                  Conjuration/Fire             3
   d - Inner Flame                    Hexes/Fire                   3
   e - Sticky Flame                   Conjuration/Fire             4
   f - Fireball                       Conjuration/Fire             5
Miscellaneous
 J - a lightning rod (4/4) {!a}
 L - a sack of spiders
Comestibles
 c - 5 bread rations {!e}
 u - 42 fruits
 v - 4 meat rations {!e}


Message History

Your experience leads to an increase in your attributes!
Your base attributes are Str 5, Int 19, Dex 15.
Increase (S)trength, (I)ntelligence, or (D)exterity?
You feel clever.
The helpless orc wizard fails to defend itself.
You skewer the orc wizard like a kebab!!!
You kill the orc wizard!
Vehumet accepts your kill.
Your Conjurations skill increases to level 6!
L - a sack of spiders You see here a chain mail.
Things that are here:
a dagger; a robe; a +4 battleaxe of draining Your surroundings seem different!
Welcome to arena 2.
A basilisk, an acid dragon and a yaktaur come into view.
The basilisk hisses angrily.
The yaktaur picks up the cursed +1 scimitar of Doom {pain, rN+ MR+ Int-2}.
The yaktaur wields the cursed +1 scimitar of Doom {pain, rN+ MR+ Int-2}.
Found an uncursed staff of power and a crystal ball of energy.
The basilisk misses you.
You completely miss the basilisk.
The yaktaur shouts!
The basilisk misses you.
You strike the helpless basilisk from behind!
You impale the basilisk!!
The basilisk is severely wounded.
You puncture the basilisk!
You kill the basilisk!
Vehumet accepts your kill.
You can now gain magical power from killing.
Vehumet offers you knowledge of Magic Dart.
The basilisk's shape twists and changes as it dies.
Your Conjurations skill gained 3 levels and is now at level 9!
Your Fire Magic skill gained 2 levels and is now at level 6!
You have reached level 4!
You feel clever.
You have reached level 5!
The acid dragon completely misses you. The acid dragon closely misses you.
Conjurations reached 8.
Currently training: Fighting(0), Dodging(5), Conjurations(9.6), Fire Magic(6.9).
Choose a target skill level: You closely miss the acid dragon.
The yaktaur hits you with the cursed +1 scimitar of Doom {pain, rN+ MR+ Int-2}!!
Ouch! That really hurt!
* * * LOW HITPOINT WARNING * * *
You take 18 damage.
You completely miss the yaktaur.
The yaktaur hits you with the cursed +1 scimitar of Doom {pain, rN+ MR+ Int-2}!!
Ouch! That really hurt!
You die... █████████████

█.8©8.█.8©8.█
█..|}.█.....█
█.....█.).[.█
█..c..█.....█
█.D@..█.....█
█.....█.....█
█.....███████


███████ You could see a yaktaur and an acid dragon.

Vanquished Creatures
  A basilisk (shapeshifter) (D)
  An orc priest (D)
  An orc wizard (D)
3 creatures vanquished.

Notes
Turn   | Place    | Note
-------+----------+-------------------------------------------
     0 | D        | sorlin the Deep Elf Fire Elementalist began the quest for the Orb.
     0 | D        | Reached XP level 1. HP: 10/10 MP: 6/6
     0 | D        | Found a deep blue altar of Sif Muna.
     0 | D        | Found a sacrificial altar of Ru.
     0 | D        | Found a bloodstained altar of Trog.
     0 | D        | Found a stormy altar of Qazlal.
     0 | D        | Found an iron altar of Okawaru.
     0 | D        | Found a sparkling altar of Nemelex Xobeh.
     0 | D        | Found a blossoming altar of Fedhas.
     2 | D        | Reached skill level 3 in Short Blades
     2 | D        | Reached skill level 5 in Dodging
     2 | D        | Reached skill level 5 in Stealth
     2 | D        | Reached skill level 4 in Conjurations
     2 | D        | Reached XP level 2. HP: 15/15 MP: 8/8
    10 | D        | Found a viscous altar of Jiyva.
    10 | D        | Found a hazy altar of Hepliaklqana.
    10 | D        | Found an ancient bone altar of Kikubaaqudgha.
    10 | D        | Found an opulent altar of Gozag.
    10 | D        | Found a corrupted altar of Lugonu.
    19 | D        | Found a burning altar of Makhleb.
    35 | D        | Became a worshipper of Vehumet
    63 | D        | Entered arena 1.
    66 | D        | Reached skill level 5 in Conjurations
    66 | D        | Reached skill level 4 in Fire Magic
    66 | D        | Reached XP level 3. HP: 19/19 MP: 9/9
    67 | D        | Reached skill level 6 in Conjurations
    73 | D        | Entered arena 2.
    73 | D        | Noticed a yaktaur
    73 | D        | Noticed a basilisk
    73 | D        | Noticed an acid dragon
    78 | D        | Killed a basilisk
    78 | D        | Reached * piety under Vehumet
    78 | D        | Offered knowledge of Magic Dart by Vehumet.
    78 | D        | Reached skill level 9 in Conjurations
    78 | D        | Reached skill level 6 in Fire Magic
    78 | D        | Reached XP level 4. HP: 24/24 MP: 10/10
    78 | D        | Reached XP level 5. HP: 28/28 MP: 11/11
    80 | D        | Identified the cursed +1 scimitar of Doom {pain, rN+ MR+ Int-2}
    80 | D        | Mangled by a yaktaur

Vault maps used:
D:        sprint_v

Action                   |  1- 3 |  4- 6 || total
-------------------------+-------+-------++-------
Melee: Dagger            |     5 |     2 ||     7
  Use: Potion            |     4 |       ||     4
 Stab: Sleeping          |     2 |       ||     2
       Invisible         |     1 |       ||     1
Dodge: Dodged            |     2 |     2 ||     4
